 Dungeon Crawl Stone Soup version 0.22.1-2-g9c5b331 (webtiles) character file.

631957 Lilu the Ruinous (level 27, -27/178 HPs)
             Began as a Deep Elf Conjurer on Nov 18, 2018.
             Was a High Priest of Sif Muna.
             Shot with a bolt by a yaktaur captain (29 damage)
             ... on level 5 of the Vaults on Nov 20, 2018.
             The game lasted 12:00:58 (117052 turns).

Lilu the Ruinous (Deep Elf Conjurer)              Turns: 117052, Time: 12:01:00

Health: -27/178    AC: 13    Str:  7    XL:     27
Magic:  0/65       EV: 29    Int: 41    God:    Sif Muna [*****.]
Gold:   1764       SH: 15    Dex: 20    Spells: 0/68 levels left

rFire    + + +     SeeInvis .   n - staff of power
rCold    + + .     Gourm    .   Q - +2 shield of Resistance {rF+ rC+ MR+}
rNeg     + + +     Faith    .   v - +2 robe {Archmagi}
rPois    +         Spirit   +   Z - +1 helmet {Int+3}
rElec    .         Reflect  .   I - +0 cloak of Koahudoe {rPois MR+ Stlth+}
rCorr    +         Harm     .   E - +2 pair of gloves {Dex+3}
MR       ++++.                  z - +0 pair of boots of Ru's Favour {rCorr}
Stlth    ++++++++..             m - amulet "Hirryut" {Spirit rN++}
HPRegen  0.00/turn              e - ring "Geot" {+Blink rF+ rN+ Int+6}
MPRegen  0.39/turn              U - ring of protection from cold

@: very slightly contaminated, constricted, divine energy
A: talons 1, repulsion field 1, agile 1, fire resistance 1, shaggy fur 1,
inhibited regeneration, evolution 1
}: 3/15 runes: decaying, serpentine, slimy
a: Stop Divine Energy, Channel Magic, Forget Spell, Renounce Religion, Evoke
Blink


You were on level 5 of the Vaults.
You worshipped Sif Muna.
Sif Muna was extremely pleased with you.
You were very hungry.

You visited 11 branches of the dungeon, and saw 53 of its levels.
You also visited: Labyrinth and Bailey.

You collected 6315 gold pieces.
You spent 4551 gold pieces at shops.

Inventory:

Armour
 v - a +2 robe of the Archmagi (worn)
 z - the +0 pair of boots of Ru's Favour (worn) {rCorr}
   (You found it on level 3 of the Depths)

   It provides partial protection from all sources of acid and corrosion.
 E - a +2 pair of gloves of dexterity (worn)
 I - the +0 cloak of Koahudoe (worn) {rPois MR+ Stlth+}
   (You found it on level 3 of the Crypt)

   It protects you from poison.
   It affects your resistance to hostile enchantments.
   It makes you more stealthy.
 O - a +1 shield of protection
 Q - the +2 shield of Resistance (worn) {rF+ rC+ MR+}
   (You found it on level 5 of the Pits of Slime)

   It protects you from fire.
   It protects you from cold.
   It affects your resistance to hostile enchantments.
 Z - a +1 helmet of intelligence (worn)
Magical Staves
 n - an uncursed staff of power (weapon)
Jewellery
 e - the ring "Geot" (left hand) {+Blink rF+ rN+ Int+6}
   (You bought it in a shop on level 10 of the Dungeon)

   [ring of protection from fire]

   It affects your intelligence (+6).
   It protects you from fire.
   It protects you from negative energy.
   It lets you blink.
 m - the amulet "Hirryut" (around neck) {Spirit rN++}
   (You found it on level 2 of the Depths)

   [amulet of guardian spirit]

   It causes incoming damage to be split between your health and magic.
   It greatly protects you from negative energy.
 r - the ring "Edowiha" {rF+ rN+ Str+2 SInv}
   (You took it off a skeletal warrior on level 3 of the Crypt)

   [ring of positive energy]

   It affects your strength (+2).
   It protects you from fire.
   It protects you from negative energy.
   It lets you see invisible.
 A - an uncursed ring of flight
 P - the amulet "Jell" {MR+ Regen+ Int+4}
   (You took it off a vampire mage on level 3 of the Crypt)

   [amulet of regeneration]

   It affects your intelligence (+4).
   It affects your resistance to hostile enchantments.
   It increases your rate of regeneration.
 T - an uncursed ring of resist corrosion
 U - a ring of protection from cold (right hand)
Wands
 x - a wand of digging (23)
 J - a wand of clouds (9)
 N - a wand of iceblast (15)
 Y - a wand of acid (44)
Scrolls
 a - 8 scrolls of fog
 d - 5 scrolls of vulnerability
 g - a scroll of brand weapon
 h - 10 scrolls of teleportation
 l - 17 scrolls of remove curse
 s - a scroll of summoning
 u - 5 scrolls of blinking
 w - 4 scrolls of amnesia
 y - 4 scrolls of acquirement
 C - 3 scrolls of holy word
 H - 10 scrolls of fear
 K - 11 scrolls of magic mapping
 L - 5 scrolls of enchant armour
 V - 16 scrolls of enchant weapon
 W - 9 scrolls of immolation
 X - 2 scrolls of silence
Potions
 b - 5 potions of agility
 f - 3 potions of magic
 i - 8 potions of heal wounds
 j - 4 potions of brilliance
 k - 8 potions of might
 o - 4 potions of berserk rage
 p - 3 potions of lignification
 q - 25 potions of curing
 t - 5 potions of mutation
 B - 5 potions of flight
 D - 3 potions of resistance
 F - 3 potions of cancellation
 G - 4 potions of haste
 M - 6 potions of invisibility
 R - 3 potions of ambrosia
Comestibles
 c - 20 rations


   Skills:
 + Level 19.7 Fighting
 - Level 5.0 Armour
 + Level 20.5 Dodging
 - Level 18.0 Stealth
 - Level 15.0 Shields
 - Level 21.0 Spellcasting
 + Level 22.4 Conjurations
 - Level 4.0 Charms
 + Level 16.6 Fire Magic
 - Level 2.0 Air Magic
 - Level 4.0 Evocations


You couldn't memorise any spells.
You knew the following spells:

 Your Spells              Type           Power        Failure   Level  Hunger
a - Magic Dart            Conj           ####         0%          1    None
b - Apportation           Tloc           ######       1%          1    None
c - Fireball              Conj/Fire      ########..   0%          5    None
d - Fulminant Prism       Conj/Hex       ########..   1%          4    None
e - Conjure Flame         Conj/Fire      ########     0%          3    None
f - Force Lance           Conj/Tloc      ########     1%          4    None
g - Blink                 Tloc           N/A          1%          2    None
h - Ignition              Fire           ########..   3%          8    None
i - Orb of Destruction    Conj           ########..   1%          7    None
j - Bolt of Fire          Conj/Fire      ########..   1%          6    None
k - Swiftness             Chrm/Air       #######.     1%          2    None
l - Passwall              Tmut/Erth      ######..     1%          2    None
m - Summon Butterflies    Summ           ######..     1%          1    None
n - Deflect Missiles      Chrm/Air       #######...   24%         6    None
o - Fire Storm            Conj/Fire      ########..   19%         9    ####...
p - Ring of Flames        Chrm/Fire      ########..   6%          7    None

Your spell library contained the following spells:

 Spells                   Type           Power        Failure   Level  Hunger
 Flame Tongue             Conj/Fire      #####        0%          1    None
 Shock                    Conj/Air       ####         0%          1    None
 Sting                    Conj/Pois      ####         0%          1    None
 Searing Ray              Conj           ######       0%          2    None
 Throw Flame              Conj/Fire      ######       0%          2    None
 Throw Frost              Conj/Ice       ######       0%          2    None
 Dazzling Spray           Conj/Hex       ######       0%          3    None
 Static Discharge         Conj/Air       ########     0%          3    None
 Stone Arrow              Conj/Erth      ######       0%          3    None
 Iskenderun's Mystic Bla  Conj           ########     0%          4    None
 Sticky Flame             Conj/Fire      ########     0%          4    None
 Animate Skeleton         Necr           N/A          1%          1    None
 Beastly Appendage        Tmut           ######       1%          1    None
 Confusing Touch          Hex            ######       1%          1    None
 Freeze                   Ice            ####         1%          1    None
 Infusion                 Chrm           ####         1%          1    None
 Pain                     Necr           ####         1%          1    None
 Summon Small Mammal      Summ           ####         1%          1    None
 Call Imp                 Summ           ######..     1%          2    None
 Corpse Rot               Necr           N/A          1%          2    None
 Ensorcelled Hibernation  Hex/Ice        ######       1%          2    None
 Poisonous Vapours        Pois/Air       ######       1%          2    None
 Shroud of Golubria       Chrm/Tloc      ######....   1%          2    None
 Slow                     Hex            ######..     1%          2    None
 Song of Slaying          Chrm           #######.     1%          2    None
 Sticks to Snakes         Tmut           ######..     1%          2    None
 Sublimation of Blood     Necr           ######....   1%          2    None
 Call Canine Familiar     Summ           ######..     1%          3    None
 Confuse                  Hex            ######..     1%          3    None
 Gell's Gravitas          Tloc           ######....   1%          3    None
 Ignite Poison            Fire/Tmut/Pois #######.     1%          3    None
 Inner Flame              Hex/Fire       ########     1%          3    None
 Mephitic Cloud           Conj/Pois/Air  ########     1%          3    None
 Ozocubu's Armour         Chrm/Ice       ######..     1%          3    None
 Portal Projectile        Hex/Tloc       ######       1%          3    None
 Recall                   Summ/Tloc      N/A          1%          3    None
 Regeneration             Chrm/Necr      ######....   1%          3    None
 Spectral Weapon          Hex/Chrm       ######..     1%          3    None
 Spider Form              Tmut/Pois      ######....   1%          3    None
 Summon Guardian Golem    Hex/Summ       ######..     1%          3    None
 Throw Icicle             Conj/Ice       ########     1%          4    None
 Bolt of Draining         Conj/Necr      ########..   1%          5    None
 Bolt of Magma            Conj/Fire/Erth ########..   1%          5    None
 Irradiate                Conj/Tmut      ########..   1%          5    None
 Iskenderun's Battlesphe  Conj/Chrm      ########     1%          5    None
 Lightning Bolt           Conj/Air       ########..   1%          5    None
 Venom Bolt               Conj/Pois      ########..   1%          5    None
 Bolt of Cold             Conj/Ice       ########..   1%          6    None
 Conjure Ball Lightning   Conj/Air       ########..   1%          6    None
 Iron Shot                Conj/Erth      ########..   1%          6    None
 Poison Arrow             Conj/Pois      ########..   1%          6    None
 Airstrike                Air            ######....   2%          4    None
 Summon Lightning Spire   Summ/Air       ######..     3%          4    None
 Freezing Cloud           Conj/Ice/Air   ########..   3%          6    None
 Spellforged Servitor     Conj/Summ      ########..   4%          7    None
 Animate Dead             Necr           N/A          5%          4    None
 Cause Fear               Hex            ######....   5%          4    None
 Ice Form                 Ice/Tmut       ######..     5%          4    None
 Leda's Liquefaction      Hex/Erth       ######....   5%          4    None
 Passage of Golubria      Tloc           N/A          5%          4    None
 Petrify                  Tmut/Erth      ######..     5%          4    None
 Summon Ice Beast         Ice/Summ       ######..     5%          4    None
 Excruciating Wounds      Chrm/Necr      ######....   6%          5    None
 Silence                  Hex/Air        ######....   10%         5    None
 Agony                    Necr           ######..     14%         5    None
 Aura of Abjuration       Summ           ######....   14%         5    None
 Blade Hands              Tmut           ######....   14%         5    None
 Borgnjor's Vile Clutch   Necr/Erth      ######....   14%         5    None
 Dispel Undead            Necr           ######..     14%         5    None
 Lee's Rapid Deconstruct  Erth           ######....   14%         5    None
 Metabolic Englaciation   Hex/Ice        ######....   14%         5    None
 Summon Demon             Summ           ######....   14%         5    None
 Summon Forest            Summ/Tloc      ######....   14%         5    None
 Summon Mana Viper        Hex/Summ       ######..     14%         5    None
 Yara's Violent Unravell  Hex/Tmut       ######....   14%         5    None
 Chain Lightning          Conj/Air       ########..   24%         8    None
 Lehudib's Crystal Spear  Conj/Erth      ########..   34%         8    None
 Death Channel            Necr           ######....   63%         6    None
 Dispersal                Tloc           ######....   63%         6    None
 Hydra Form               Tmut           ######....   63%         6    None
 Ozocubu's Refrigeration  Ice            ######....   63%         6    None
 Shadow Creatures         Summ           N/A          63%         6    None
 Simulacrum               Ice/Necr       ######....   63%         6    None
 Statue Form              Tmut/Erth      ######...    63%         6    None
 Haunt                    Necr/Summ      ######....   99%         7    None
 Malign Gateway           Summ/Tloc      ######....   99%         7    None
 Monstrous Menagerie      Summ           ######....   99%         7    None
 Summon Greater Demon     Summ           ######....   99%         7    None
 Glaciate                 Conj/Ice       ########..   99%         9    ####...
 Death's Door             Chrm/Necr      ######....   100%        8    None
 Discord                  Hex            ######....   100%        8    None
 Necromutation            Tmut/Necr      ######....   100%        8    None
 Summon Horrible Things   Summ           ######....   100%        8    None
 Shatter                  Erth           ######....   100%        9    ####...
 Tornado                  Air            ######....   100%        9    ####...


Dungeon Overview and Level Annotations

Branches:
Dungeon (15/15)            Temple (1/1) D:4            Lair (6/6) D:11
  Swamp (4/4) Lair:3        Snake (4/4) Lair:4        Slime (5/5) Lair:5
    Orc (2/2) D:12            Elf (3/3) Orc:2        Vaults (5/5) D:13
  Crypt (3/3) Vaults:3       Tomb (0/3) Crypt:3      Depths (5/5) D:15
    Zot (0/5) Depths:5

Altars:
Ashenzari
Cheibriados
Dithmenos
Elyvilon
Fedhas
Gozag
Hepliaklqana
Kikubaaqudgha
Makhleb
Nemelex Xobeh
Okawaru
Qazlal
Ru
Sif Muna
Trog
Uskayaw
Vehumet
Wu Jian
Xom
Yredelemnul
Zin
The Shining One
Beogh

Shops:
D:4 ?   D:9 ??}(   D:10 [=[}:((}(   D:11 *   D:12 (   Orc:2 ?}*[   Elf:3 }
Snake:3 [:   Vaults:3 [   Depths:1 *   Depths:3 ?   Depths:5 }=}

Portals:
Hell: Depths:1 Depths:2 Depths:3 Depths:4 Depths:5
Abyss: Depths:3 Depths:4 Depths:5
Pandemonium: Orc:2 Depths:1 Depths:3 Depths:5
Ziggurat: Depths:2


Innate Abilities, Weirdness & Mutations

You have sharp toenails.
You are surrounded by a mild repulsion field. (EV +2)
You are agile. (Dex +2)
Your flesh is heat resistant. (rF+)
You are covered in fur. (AC +1)
You do not regenerate when monsters are visible.
You evolve.


Message History

The tentacled monstrosity misses you.
You block the tentacled monstrosity's attack.
The tentacled monstrosity misses you.
* * * LOW HITPOINT WARNING * * *
The tentacled monstrosity constricts you!
A yaktaur captain comes into view.
Blink to where?
Press: ? - help, Dir - move target cursor The tentacled monstrosity's grasp on you weakens, but your attempt to escape
As you read the scroll of blinking, it crumbles to dust.
The stone giant throws a large rock.
You block the large rock.
The vault warden shoots a bolt.
You block the bolt.
The tentacled monstrosity tentacle-slaps you but does no damage.
The tentacled monstrosity completely misses you.
The tentacled monstrosity tentacle-slaps you!
* * * LOW HITPOINT WARNING * * *
x2 The tentacled monstrosity constricts you!
The yaktaur captain wields an arbalest.
The yaktaur captain shoots a bolt.
The bolt hits you!!
You die...

#....# #.#.#.#
####.#.[[.##C#.#o#
#....#.[..#.#[#.#.
#.../#..[[.#c#.#$#
#..([#.[[...#.#.#
#.....(([[รท(.#.#
#########([..).[...####
.......(.(.(<<.([.......
.......())@<%(<([[.?....
......(..X%.<<(.[.(.....
.........))%..((........
#########..[[[[..#######
#pD).[[....#
..c.#....#..#
....##....##... ...#
#....# #... ..# #....#
..#


You could see a tentacled monstrosity, a quicksilver dragon, a stone giant, a
vault warden, a yaktaur captain and a yaktaur.

Vanquished Creatures
  the Royal Jelly (Slime:5)
  A juggernaut (Depths:4)
  3 ancient liches
  Saint Roka (Elf:2)
  Xtahua (Crypt:3)
  4 caustic shrikes
  Nikola (Swamp:1)
  A bone dragon (Depths:5)
  2 Tzitzimimeh (Depths:2)
  12 liches
  2 tentacled monstrosities
  2 titans (Depths:4)
  2 deep elf master archers (Elf:3)
  A quicksilver dragon (Vaults:5)
  2 deep elf blademasters (Elf:3)
  Asterion (Elf:1)
  33 acid blobs
  Gastronok (D:11)
  6 ancient champions
  A shadow dragon (Depths:4)
  Frances (Swamp:2)
  6 sphinxes
  Kirke (Elf:1)
  18 azure jellies
  4 storm dragons
  A revenant (Crypt:3)
  2 tengu reavers
  7 nagarajas
  2 draconian knights (Depths:5)
  4 frost giants
  5 fire giants
  4 deep elf elementalists (Elf:3)
  4 deep elf sorcerers
  6 curse skulls
  14 vault wardens
  A reaper (Depths:3)
  2 juggernaut zombies (Depths:2)
  12 ironheart preservers
  26 very ugly things
  A ghoul (Crypt:2)
  5 vampire knights
  A juggernaut skeleton (Depths:4)
  5 spriggan defenders
  10 deep elf demonologists
  13 stone giants
  An entropy weaver (shapeshifter) (Vaults:3)
  An entropy weaver (Vaults:1)
  A green draconian (Depths:5)
  A black draconian (Depths:5)
  A dire elephant (shapeshifter) (Vaults:4)
  13 deep elf annihilators
  2 yellow draconians (Depths:5)
  2 purple draconians (Depths:5)
  A minotaur (Lab)
  A white draconian (Depths:5)
  Azrael (Snake:2)
  6 eidola
  6 ettins
  A merfolk javelineer (Depths:1)
  Snorg (D:11)
  A spark wasp (shapeshifter) (Vaults:1)
  2 green deaths
  A quicksilver dragon zombie (Depths:2)
  A merfolk impaler (Depths:3)
  A mummy priest (Depths:3)
  10 deep elf death magi
  19 death oozes
  13 yaktaur captains
  A fire dragon (shapeshifter) (Depths:4)
  Harold (D:11)
  13 jiangshi
  15 hydras
  15 great orbs of eyes
  7 deep elf high priests
  12 fire dragons
  27 vault guards
  A monstrous demonspawn (Depths:1)
  A rakshasa (Vaults:1)
  5 spriggan air magi (Depths:4)
  A hell beast (Swamp:4)
  22 naga warriors
  2 catoblepae
  18 ice dragons
  10 centaur warriors
  2 merfolk avatars (Depths:3)
  4 death knights
  27 two-headed ogres
  3 merfolk aquamancers (Depths:3)
  17 anacondas
  Erica (D:9)
  11 ogre magi
  10 deep troll earth magi
  3 tengu warriors
  7 deep troll shamans
  20 dancing weapons
  8 vampire magi
  6 orc high priests (Orc:2)
  11 alligators
  5 death yaks (Lair:5)
  9 spriggan berserkers
  2 hell hogs (Depths:5)
  2 thrashing horrors (Swamp:4)
  Urug (Lair:6)
  15 spriggans
  15 naga sharpshooters
  6 shock serpents
  2 soul eaters
  Sonja (Orc:1)
  Nergalle (Lair:3)
  23 deep elf knights
  5 iron trolls
  A salamander mystic (Snake:2)
  13 hell knights
  A sun demon (Depths:3)
  23 skeletal warriors
  6 flayed ghosts
  7 sea snakes (Snake:4)
  4 glowing orange brains
  A golden dragon zombie (Depths:4)
  6 naga ritualists
  32 deep trolls
  A spark wasp zombie (Crypt:3)
  8 swamp dragons
  A shadow wraith (Vaults:4)
  A golden dragon skeleton (Depths:2)
  A spriggan druid (Swamp:2)
  A shadow demon (Depths:1)
  A deep troll (shapeshifter) (Depths:4)
  4 unseen horrors
  An infernal demonspawn (Orc:2)
  A torturous demonspawn (Orc:2)
  2 anaconda zombies (Crypt:1)
  7 wizards
  16 orc knights
  11 phantasmal warriors
  A sphinx zombie (Depths:4)
  22 ironbrand convokers
  14 deep elf archers
  A gelid demonspawn (Depths:1)
  12 necromancers
  3 harpies (Vaults:4)
  64 deep elf magi
  2 iron giant skeletons
  7 mana vipers
  2 wolf spiders
  A frost giant zombie (Crypt:1)
  An iron dragon zombie (Depths:4)
  A fire giant zombie (Crypt:1)
  6 oklob plants
  4 manticores
  2 orb spiders (shapeshifter)
  5 orc sorcerers (Orc:2)
  9 salamanders
  A cyclops (shapeshifter) (Depths:4)
  7 shining eyes
  7 cyclopes
  A faun (shapeshifter) (D:14)
  62 ugly things
  3 dire elephant zombies
  27 naga magi
  A smoke demon (Depths:1)
  43 black mambas
  14 guardian serpents
  A black mamba (shapeshifter) (Depths:5)
  10 vault sentinels
  2 eyes of devastation
  2 frost giant skeletons
  A fire giant skeleton (Crypt:1)
  A stone giant skeleton (Depths:2)
  An eye of devastation (shapeshifter) (D:14)
  17 elephants
  3 gargoyles
  A rust devil (Depths:1)
  An orange demon (Swamp:4)
  30 spiny frogs
  An elephant slug zombie (Crypt:1)
  An iron dragon skeleton (Depths:2)
  A white draconian zombie (Crypt:3)
  3 centaur skeletons
  3 kobold demonologists (D:11)
  5 komodo dragons
  A dire elephant skeleton (Crypt:1)
  An efreet (D:14)
  4 rime drakes
  49 yaktaurs
  A death yak skeleton (Crypt:3)
  A minotaur skeleton (Crypt:2)
  2 hellwings (Depths:1)
  3 tengu conjurers
  9 freezing wraiths
  5 trolls
  4 guardian mummies
  A green draconian skeleton (Crypt:2)
  20 tyrant leeches
  2 polar bears (Lair:5)
  185 slime creatures
  A raiju (shapeshifter) (Elf:1)
  19 hornets
  32 blink frogs
  9 bog bodies
  An ettin zombie (Crypt:1)
  2 hydra skeletons (Crypt:1)
  A meliai zombie (D:13)
  5 hippogriffs
  6 dream sheep (Lair:4)
  10 flying skulls (Crypt:2)
  A large abomination (Swamp:4)
  A spriggan (shapeshifter) (Elf:3)
  An ice dragon skeleton (Crypt:3)
  3 air elementals
  11 wraiths
  3 redbacks (Vaults:1)
  6 water elementals
  51 yaks
  10 shadows
  3 basilisks
  3 vampires
  3 wyverns
  A black mamba skeleton (Crypt:1)
  11 fire elementals
  A golden eye (shapeshifter) (Depths:4)
  Eustachio (D:6)
  A basilisk (shapeshifter) (Depths:1)
  A wind drake skeleton (Crypt:1)
  4 hungry ghosts
  7 golden eyes
  A steam dragon (D:10)
  5 hogs (Elf:1)
  14 vampire mosquitoes
  8 wargs
  16 insubstantial wisps
  A soldier ant (D:12)
  58 nagas
  10 swamp worms
  4 acid dragons
  A soldier ant (shapeshifter) (Vaults:2)
  12 water moccasins
  A gelid demonspawn skeleton (Crypt:1)
  12 hell hounds
  A hydra simulacrum (Crypt:1)
  An orb spider zombie (Crypt:1)
  A torturous demonspawn skeleton (Crypt:3)
  A floating eye (Depths:4)
  4 porcupines
  An ettin simulacrum (Crypt:1)
  9 eyes of draining
  57 orc warriors
  4 swamp drakes
  4 ice beasts
  7 necrophages
  8 sky beasts
  3 phantoms
  A dream sheep zombie (Crypt:2)
  31 ogres
  6 wolves (Lair:4)
  19 centaurs
  2 black bears
  8 boggarts
  A hog zombie (Crypt:2)
  10 crocodiles
  2 manticore skeletons
  A fire crab zombie (Crypt:3)
  3 small abominations
  4 big kobolds
  A rime drake skeleton (Crypt:2)
  A gnoll sergeant (Orc:1)
  22 bullfrogs
  5 earth elementals
  2 wyvern zombies
  3 scorpions
  A spriggan zombie (Crypt:1)
  15 killer bees
  13 wights
  4 electric eels
  4 howler monkeys
  11 crimson imps
  A wolf skeleton (Crypt:3)
  A bullfrog zombie (D:9)
  3 quasits
  A wyvern simulacrum (D:14)
  2 centaur zombies
  A human simulacrum (Vaults:3)
  An iron imp (Depths:1)
  27 orc priests
  5 hounds
  10 jellies
  37 orc wizards
  2 bullfrog skeletons
  3 human zombies (Crypt:1)
  Terence (D:2)
  Jessica (D:3)
  3 human skeletons (Crypt:1)
  Natasha (twice) (D:2)
  2 iguanas (D:5)
  2 polar bear simulacra (Lair:4)
  18 worker ants
  4 yak simulacra (Lair:4)
  2 wolf simulacra (Lair:4)
  2 demigod skeletons
  5 mummies
  A hound zombie (D:5)
  A hound skeleton (D:8)
  2 worker ant zombies
  A howler monkey zombie (D:9)
  9 gnolls
  7 adders
  A howler monkey skeleton (D:4)
  A scorpion zombie (Crypt:3)
  2 shadow imps
  4 ufetubi
  3 oozes
  An iguana zombie (Crypt:3)
  3 adder skeletons
  5 worms
  2 dart slugs (D:2)
  3 leopard geckos
  105 orcs
  4 giant cockroaches
  9 hobgoblins
  4 jackals (D:2)
  3 ball pythons
  2 bats
  8 frilled lizards
  10 goblins
  A hobgoblin skeleton (Crypt:2)
  A jackal skeleton (D:5)
  18 kobolds
  2 kobold skeletons
  3 rats
  3 river rat simulacra (Lair:4)
  A butterfly (Lair:2)
  2 crawling corpses
  3 fulminant prisms
  30 plants
2547 creatures vanquished.

Vanquished Creatures (collateral kills)
  2 very ugly things (Depths:5)
  3 slime creatures (Slime:5)
  An ugly thing (Depths:5)
6 creatures vanquished.

Vanquished Creatures (others)
  A vault warden (Vaults:1)
  A naga warrior (Snake:3)
  A dancing weapon (Elf:2)
  A deep elf knight (Elf:2)
  An unseen horror (Vaults:1)
  2 deep elf magi
  A cyclops (D:14)
  A centaur skeleton (D:14)
  A wolf spider simulacrum (D:14)
  5 slime creatures
  A hog (Elf:1)
  An ogre (Depths:1)
  A centaur (D:13)
  An adder (D:11)
  An orc (D:10)
  2 crawling corpses
  57 fire vortices
  528 fulminant prisms
  28 fungi
  70 plants
  52 withered plants (Crypt:2)
757 creatures vanquished.

Grand Total: 3310 creatures vanquished

Notes
Turn   | Place    | Note
-------+----------+-------------------------------------------
     0 | D:1      | Lilu the Deep Elf Conjurer began the quest for the Orb.
     0 | D:1      | Reached XP level 1. HP: 10/10 MP: 6/6
   301 | D:1      | Reached XP level 2. HP: 15/15 MP: 6/8
   307 | D:1      | Learned a level 2 spell: Searing Ray
   971 | D:2      | Reached skill level 5 in Conjurations
   988 | D:2      | Noticed Terence
  1345 | D:2      | Reached XP level 3. HP: 19/19 MP: 7/10
  1350 | D:2      | Killed Terence
  1469 | D:2      | Reached XP level 4. HP: 4/24 MP: 8/12
  1760 | D:2      | Noticed Natasha
  1769 | D:2      | Killed Natasha
  1769 | D:2      | Reached skill level 6 in Conjurations
  1809 | D:2      | Learned a level 4 spell: Iskenderun's Mystic Blast
  2210 | D:2      | Noticed Natasha
  2223 | D:2      | Killed Natasha
  2223 | D:2      | Reached XP level 5. HP: 28/28 MP: 10/14
  2621 | D:3      | Noticed Jessica
  2627 | D:3      | Killed Jessica
  2627 | D:3      | Reached skill level 5 in Spellcasting
  2655 | D:3      | Reached skill level 7 in Conjurations
  2655 | D:3      | Reached XP level 6. HP: 14/32 MP: 5/16
  3472 | D:3      | Found a burning altar of Makhleb.
  3843 | D:4      | Reached skill level 1 in Shields
  4518 | D:4      | Found Soraesy's Magic Scroll Emporium.
  4762 | D:4      | Reached XP level 7. HP: 28/36 MP: 10/18
  4885 | D:4      | Found a staircase to the Ecumenical Temple.
  4891 | Temple   | Entered the Ecumenical Temple
  5011 | Temple   | Became a worshipper of Sif Muna the Loreminder
  5094 | D:5      | Entered Level 5 of the Dungeon
  5813 | D:5      | Reached XP level 8. HP: 41/41 MP: 15/20
  6760 | D:6      | Reached skill level 5 in Stealth
  6862 | D:6      | Reached * piety under Sif Muna
  6918 | D:6      | Noticed Eustachio
  6933 | D:6      | Killed Eustachio
  6933 | D:6      | Reached skill level 5 in Dodging
  7095 | D:6      | Reached skill level 1 in Armour
  7228 | D:6      | Learned a level 4 spell: Fulminant Prism
  8076 | D:7      | Reached skill level 8 in Conjurations
  8141 | D:7      | Found a sacrificial altar of Ru.
  8165 | D:7      | Reached XP level 9. HP: 45/45 MP: 17/22
  8592 | D:7      | Reached skill level 1 in Fighting
  9411 | D:8      | Noticed a manticore
 10029 | D:8      | Reached skill level 9 in Conjurations
 10053 | D:8      | Reached ** piety under Sif Muna
 10306 | D:8      | Killed a manticore
 10466 | D:8      | Found Coffez's Food Shop.
 10498 | D:8      | Reached XP level 10. HP: 53/53 MP: 20/25
 10677 | D:8      | Reached skill level 5 in Shields
 11253 | D:9      | Found Beach's Magic Scroll Shoppe.
 11475 | D:9      | Found Peutsiff's Gadget Emporium.
 11593 | D:9      | Noticed Erica
 11667 | D:9      | Killed Erica
 11667 | D:9      | Reached *** piety under Sif Muna
 11667 | D:9      | Reached skill level 10 in Conjurations
 11676 | D:9      | Found Naarphyku's Magic Scroll Shoppe.
 11785 | D:9      | Reached skill level 10 in Spellcasting
 12233 | D:9      | Found Pounn's Weapon Boutique.
 12438 | D:9      | Learned a level 3 spell: Conjure Flame
 12443 | D:9      | Learned a level 4 spell: Force Lance
 12446 | D:9      | Learned a level 2 spell: Blink
 12447 | D:10     | Entered Level 10 of the Dungeon
 12471 | D:10     | Noticed a guardian serpent
 12492 | D:10     | Killed a guardian serpent
 13051 | D:10     | Got a dazzling dire flail {venom}
 13058 | D:10     | Identified the +2 dire flail of Sasch {venom, rElec rPois
                  | MR+} (You took it off an orc on level 10 of the Dungeon)
 13070 | D:10     | Reached XP level 11. HP: 60/60 MP: 22/27
 13117 | D:10     | Noticed a deep elf mage
 13128 | D:10     | Killed a deep elf mage
 13153 | D:10     | Found Mynox's Weapon Shop.
 13258 | D:10     | Reached skill level 11 in Conjurations
 13400 | D:10     | Found Noddu's Gadget Boutique.
 13463 | D:10     | Found an iron altar of Okawaru.
 13485 | D:10     | Found Zinkaf's Weapon Shoppe.
 13485 | D:10     | Found Awnasi Ziew's Armour Shoppe.
 13489 | D:10     | Found Fegyed's Book Shoppe.
 13793 | D:10     | Found Alofreto's Gadget Shoppe.
 13810 | D:10     | Found Guagrici's Antique Armour Boutique.
 13811 | D:10     | Noticed a two-headed ogre
 13820 | D:10     | Killed a two-headed ogre
 14007 | D:10     | Found Huig's Jewellery Shop.
 14347 | D:10     | Found Xourobig's Weapon Shoppe.
 14677 | D:10     | Killed an unseen horror
 15003 | D:11     | Found Luezeil's Elemental Accessories.
 15060 | D:11     | Noticed a white ugly thing
 15298 | D:11     | Noticed Gastronok
 15313 | D:11     | Killed a white ugly thing
 15957 | D:11     | Noticed Harold
 15962 | D:11     | Noticed a centaur warrior
 16317 | D:11     | Reached **** piety under Sif Muna
 16672 | D:11     | Reached skill level 12 in Conjurations
 16753 | D:11     | HP: 1/62 [Gastronok/the air (28)]
 16773 | D:11     | Killed Gastronok
 16773 | D:11     | Reached skill level 5 in Fighting
 17003 | D:11     | Killed a centaur warrior
 17003 | D:11     | Reached XP level 12. HP: 42/68 MP: 13/29
 17692 | D:11     | Reached skill level 10 in Dodging
 18089 | D:11     | Killed Harold
 18186 | D:11     | Found a staircase to the Lair.
 18547 | D:11     | Noticed Snorg
 18578 | D:11     | Killed Snorg
 19013 | D:11     | Got a fine chain mail
 19046 | D:11     | Identified the +4 chain mail of Spite {-Tele +Inv Str+4}
                  | (You found it on level 11 of the Dungeon)
 19106 | Lair:1   | Entered Level 1 of the Lair of Beasts
 19119 | D:11     | Learned a level 3 spell: Mephitic Cloud
 22165 | Lair:2   | Reached XP level 13. HP: 70/76 MP: 18/31
 24303 | Lair:3   | Noticed Nergalle
 24314 | Lair:3   | Killed Nergalle
 24437 | Lair:3   | Found a staircase to the Swamp.
 24760 | Lair:3   | Reached skill level 13 in Conjurations
 25019 | Lair:4   | Found a staircase to the Snake Pit.
 26952 | Lair:4   | Reached ***** piety under Sif Muna
 26952 | Lair:4   | Received a gift from Sif Muna
 27728 | Lair:6   | Entered Level 6 of the Lair of Beasts
 27728 | Lair:6   | Noticed Urug
 27733 | Lair:6   | Killed Urug
 28501 | D:10     | Bought a book of Power for 540 gold pieces
 28509 | D:10     | Learned a level 7 spell: Orb of Destruction
 28727 | Lair:5   | Reached XP level 14. HP: 84/84 MP: 24/32
 29480 | Lair:5   | Found a staircase to the Slime Pits.
 30628 | Lair:5   | Reached skill level 14 in Conjurations
 31337 | Lair:6   | Reached skill level 10 in Shields
 33148 | D:12     | Found a labyrinth entrance.
 33163 | Lab      | Entered a labyrinth
 33445 | Lab      | Got an ancient robe
 33456 | Lab      | Identified the +1 robe of Perpetual Drought {rF- Int+5
                  | Dex+3} (You found it in a labyrinth)
 33586 | D:12     | Found a staircase to the Orcish Mines.
 33727 | D:12     | Found a roughly hewn altar of Beogh.
 33797 | D:12     | Identified Hesmuk's Volume of Transmutation and Blows and
                  | Bruises (Sif Muna gifted it to you on level 12 of the
                  | Dungeon)
 33797 | D:12     | Received a gift from Sif Muna
 33811 | D:12     | Found a flagged portal.
 33821 | Bailey   | Entered a bailey
 34463 | Bailey   | Got a brightly glowing crystal plate armour
 34474 | Bailey   | Identified the +9 crystal plate armour of Qazlal's
                  | Vengeance {Dex+2} (You found it in a bailey)
 34790 | D:12     | Found Notrom's Antique Weapon Shoppe.
 35637 | D:13     | Found a gate to the Vaults.
 35643 | D:13     | Reached XP level 15. HP: 62/91 MP: 9/35
 36820 | D:13     | Reached skill level 10 in Fighting
 36845 | D:13     | Noticed a sphinx
 36864 | D:13     | Killed a sphinx
 37672 | D:13     | Got a steaming silver ring
 37676 | D:13     | Identified the ring "Poqirou" {rPois Str+2 Dex-4 Stlth+}
                  | (You took it off a crimson imp on level 13 of the Dungeon)
 37695 | D:13     | Reached skill level 10 in Stealth
 37776 | D:13     | Noticed a tengu reaver
 37793 | D:13     | Killed a tengu reaver
 39262 | D:14     | Reached skill level 15 in Conjurations
 39947 | D:15     | Entered Level 15 of the Dungeon
 40279 | D:15     | Reached skill level 15 in Spellcasting
 41035 | D:15     | Found a staircase to the Depths.
 41037 | D:15     | Noticed a fire giant
 41045 | D:15     | Killed a fire giant
 41681 | Orc:1    | Entered Level 1 of the Orcish Mines
 41690 | Orc:1    | Received a gift from Sif Muna
 41704 | Orc:1    | Reached skill level 5 in Armour
 42005 | Orc:2    | Entered Level 2 of the Orcish Mines
 42182 | Orc:2    | Found Empaseen's General Store.
 42251 | Orc:2    | Found a staircase to the Elven Halls.
 42466 | Orc:2    | Reached XP level 16. HP: 99/99 MP: 23/37
 43223 | Orc:1    | Noticed Sonja
 43229 | Orc:1    | Killed Sonja
 43631 | Orc:2    | Found Gion Fouc's Magic Scroll Boutique.
 44591 | Orc:2    | Found a roughly hewn altar of Beogh.
 45126 | Orc:2    | Found Lub Hyimn's Antique Armour Shoppe.
 45126 | Orc:2    | Found Yseemp's Gadget Emporium.
 45126 | Orc:2    | Found a one-way gate leading to the halls of Pandemonium.
 45292 | Elf:1    | Entered Level 1 of the Elven Halls
 45677 | Elf:1    | Noticed Asterion
 45688 | Elf:1    | Killed Asterion
 46495 | Swamp:1  | Entered Level 1 of the Swamp
 46495 | Swamp:1  | Noticed Nikola
 46823 | Swamp:1  | Killed Nikola
 46978 | Swamp:1  | Found a shimmering altar of Xom.
 47708 | Swamp:1  | Reached skill level 1 in Evocations
 49255 | Swamp:2  | Identified Sif Muna's Compendium of Execration (Sif Muna
                  | gifted it to you on level 2 of the Swamp)
 49255 | Swamp:2  | Received a gift from Sif Muna
 49256 | Swamp:2  | Noticed Frances
 50409 | Swamp:3  | Reached skill level 16 in Conjurations
 50714 | Swamp:2  | Killed Frances
 50899 | Swamp:2  | Reached XP level 17. HP: 84/106 MP: 12/39
 52615 | Swamp:4  | Entered Level 4 of the Swamp
 53323 | Snake:1  | Entered Level 1 of the Snake Pit
 54903 | Snake:2  | Noticed Azrael
 54909 | Snake:2  | Killed Azrael
 55656 | D:10     | Bought the ring "Geot" {+Blink rF+ rN+ Int+6} for 781 gold
                  | pieces
 55898 | Snake:2  | Identified Sif Muna's Reference Book on Confrontation (Sif
                  | Muna gifted it to you on level 2 of the Snake Pit)
 55898 | Snake:2  | Received a gift from Sif Muna
 57452 | Snake:3  | Reached XP level 18. HP: 98/113 MP: 32/41
 57568 | Snake:3  | Found Vuiqugh's Book Shop.
 58406 | Snake:3  | Found Lugod's Antique Armour Emporium.
 59563 | Snake:4  | Entered Level 4 of the Snake Pit
 59744 | Snake:4  | Learned a level 5 spell: Fireball
 59829 | Snake:4  | Reached skill level 1 in Fire Magic
 61794 | Snake:4  | Identified Kuaclumm's Guide on Dusty Transmigration (Sif
                  | Muna gifted it to you on level 4 of the Snake Pit)
 61794 | Snake:4  | Received a gift from Sif Muna
 61794 | Snake:4  | Reached skill level 5 in Fire Magic
 62612 | Snake:4  | Got a serpentine rune of Zot
 63990 | Swamp:4  | Reached XP level 19. HP: 119/119 MP: 42/42
 64826 | Swamp:4  | Got a decaying rune of Zot
 65226 | Vaults:1 | Entered Level 1 of the Vaults
 65801 | Vaults:1 | Reached skill level 15 in Shields
 67643 | Vaults:1 | Identified the Guide on Bewitching Clay
 68026 | D:9      | Bought a scroll of teleportation for 39 gold pieces
 68026 | D:9      | Bought a scroll of teleportation for 39 gold pieces
 68026 | D:9      | Bought a scroll of teleportation for 39 gold pieces
 70248 | Vaults:2 | Identified 2 scrolls of acquirement
 71555 | Vaults:2 | Reached skill level 15 in Dodging
 71958 | Vaults:2 | Reached XP level 20. HP: 84/128 MP: 26/44
 71960 | Vaults:2 | Received a gift from Sif Muna
 72962 | Vaults:3 | Reached skill level 15 in Fighting
 73976 | Vaults:3 | Found Gidixaypn's Armour Shoppe.
 74448 | Vaults:3 | Reached skill level 17 in Conjurations
 74892 | Vaults:3 | Found a staircase to the Crypt.
 76777 | Vaults:4 | Identified Sif Muna's Tome of Hurtful Summoning (Sif Muna
                  | gifted it to you on level 4 of the Vaults)
 76777 | Vaults:4 | Received a gift from Sif Muna
 78340 | Vaults:4 | Reached XP level 21. HP: 127/136 MP: 36/45
 79517 | Slime:1  | Entered Level 1 of the Pits of Slime
 80328 | Elf:1    | Noticed Kirke
 80339 | Elf:1    | Killed Kirke
 80513 | Elf:1    | Reached skill level 18 in Conjurations
 81476 | Elf:1    | Identified the Collected Works on Companions
 82385 | Elf:2    | Identified Wyh Bud's Volume of Combat Magic (Sif Muna
                  | gifted it to you on level 2 of the Elven Halls)
 82385 | Elf:2    | Received a gift from Sif Muna
 82401 | Elf:2    | Found a huge runed gate.
 82401 | Elf:2    | Found a huge runed gate.
 82401 | Elf:2    | Found a huge runed gate.
 82401 | Elf:2    | Found a huge runed gate.
 82403 | Elf:2    | Found a huge runed gate.
 82909 | Elf:2    | Noticed Saint Roka
 82957 | Elf:2    | Killed Saint Roka
 83689 | Elf:3    | Entered Level 3 of the Elven Halls
 83748 | Elf:3    | Found Hurghuigh's Gadget Emporium.
 85169 | Elf:3    | Reached XP level 22. HP: 143/143 MP: 24/46
 85814 | Elf:3    | Identified the Handbook of Unholy Secrets
 85898 | Elf:3    | Reached skill level 19 in Conjurations
 85905 | Elf:3    | Identified Sif Muna's Sophisticated Thaumaturgy (Sif Muna
                  | gifted it to you on level 3 of the Elven Halls)
 85905 | Elf:3    | Received a gift from Sif Muna
 85989 | Elf:3    | Identified the Volume of Aerial Evil Secrets
 86057 | Elf:3    | Got an ichor-stained ring mail
 86068 | Elf:3    | Identified the +1 ring mail of Infinity {rF+} (You found it
                  | on level 3 of the Elven Halls)
 86155 | Elf:3    | Got a vibrating iron ring
 86162 | Elf:3    | Identified the ring of Menlu {rF+ Slay+2} (You took it off
                  | a deep elf death mage on level 3 of the Elven Halls)
 86627 | Snake:3  | Bought the +18 shield of the Gong {rElec rN+ MR+ EV-5} for
                  | 3113 gold pieces
 86627 | Snake:3  | Found the +18 shield of the Gong {rElec rN+ MR+ EV-5}
 86662 | Snake:3  | Learned a level 2 spell: Shroud of Golubria
 86669 | Snake:3  | Learned a level 6 spell: Bolt of Fire
 86672 | Snake:3  | Learned a level 2 spell: Swiftness
 86675 | Snake:3  | Learned a level 2 spell: Passwall
 86677 | Snake:3  | Learned a level 1 spell: Summon Butterflies
 86684 | Snake:3  | Learned a level 6 spell: Deflect Missiles
 87039 | Crypt:1  | Entered Level 1 of the Crypt
 87080 | Crypt:1  | Reached skill level 1 in Charms
 87249 | Crypt:1  | Reached skill level 1 in Air Magic
 88940 | Crypt:1  | Learned a level 9 spell: Fire Storm
 90558 | Crypt:2  | Got a scorched short sword
 90559 | Crypt:2  | Identified the +6 short sword of Plague {distort, rPois
                  | Int+3} (You found it on level 2 of the Crypt)
 90652 | Crypt:2  | Identified Sif Muna's Guide on Nocuous Evil (Sif Muna
                  | gifted it to you on level 2 of the Crypt)
 90652 | Crypt:2  | Received a gift from Sif Muna
 90758 | Crypt:2  | Gained mutation: You occasionally shout uncontrollably at
                  | your foes. [mutagenic glow]
 90994 | Crypt:2  | Noticed an ancient lich
 91721 | Crypt:2  | Reached skill level 10 in Fire Magic
 91721 | Crypt:2  | Reached XP level 23. HP: 148/148 MP: 47/47
 91896 | Crypt:3  | Entered Level 3 of the Crypt
 92400 | Crypt:3  | Got a pitted amber ring
 93229 | Crypt:3  | Identified the ring "Naney" {rN+ MR+} (You took it off a
                  | death knight on level 3 of the Crypt)
 93233 | Crypt:3  | Got a faintly glowing sapphire amulet
 93243 | Crypt:3  | Got a warped platinum ring
 93245 | Crypt:3  | Identified the ring "Edowiha" {rF+ rN+ Str+2 SInv} (You
                  | took it off a skeletal warrior on level 3 of the Crypt)
 93483 | Crypt:3  | Noticed an ancient lich
 93483 | Crypt:3  | Noticed an ancient lich
 93485 | Crypt:3  | Gained mutation: Armour fits poorly on your strangely
                  | shaped body. [a cacodemon]
 93519 | Crypt:3  | Noticed Xtahua
 93524 | Crypt:3  | Killed Xtahua
 93798 | Crypt:3  | Killed an ancient lich
 93800 | Crypt:3  | Killed an ancient lich
 93800 | Crypt:3  | Reached XP level 24. HP: 156/156 MP: 37/47
 93830 | Crypt:3  | Got a heavily runed cloak
 93836 | Crypt:3  | Identified the +0 cloak of Koahudoe {rPois MR+ Stlth+} (You
                  | found it on level 3 of the Crypt)
 93873 | Crypt:3  | Got a crude war axe
 93874 | Crypt:3  | Identified the +9 war axe "Yntem" {chop, rElec} (You found
                  | it on level 3 of the Crypt)
 94133 | Crypt:3  | Found a staircase to the Tomb.
 94507 | Crypt:1  | Killed an ancient lich
 94507 | Crypt:1  | Identified Zyse Bev's Guide on Harmful Calling (Sif Muna
                  | gifted it to you on level 1 of the Crypt)
 94507 | Crypt:1  | Received a gift from Sif Muna
 94507 | Crypt:1  | Reached ****** piety under Sif Muna
 94771 | Depths:1 | Entered Level 1 of the Depths
 95255 | Depths:1 | Identified the amulet "Jell" {MR+ Regen+ Int+4} (You took
                  | it off a vampire mage on level 3 of the Crypt)
 95670 | Depths:1 | Reached skill level 20 in Conjurations
 96044 | Depths:1 | Found Veacvuh's Demolitions Depot.
 96461 | Depths:1 | Found a gateway to Hell.
 98143 | Depths:2 | Got a steaming platinum amulet
 98145 | Depths:2 | Identified the amulet "Hirryut" {Spirit rN++} (You found it
                  | on level 2 of the Depths)
 98746 | Depths:2 | Learned a level 1 spell: Apportation
 99654 | Depths:2 | Found a gateway to a ziggurat.
 99905 | Depths:3 | Found a one-way gate to the infinite horrors of the Abyss.
100540 | Depths:3 | Found Girah's Magic Scroll Shoppe.
100584 | Depths:3 | Reached skill level 15 in Stealth
101290 | Depths:3 | Found a large runed door.
101290 | Depths:3 | Found a large runed door.
101575 | Depths:3 | Reached XP level 25. HP: 161/162 MP: 0/48
101885 | Depths:3 | Identified the cursed +0 spear "Hamour" {pierce, Str+4}
                  | (You took it off a goblin on level 3 of the Depths)
101886 | Depths:3 | Identified the +0 scale mail "Osaniyhu" {Int+2 Dex+4} (You
                  | took it off a goblin on level 3 of the Depths)
102360 | Depths:3 | Identified the cursed +0 scale mail "Jabues" {Int+6 Stlth+}
                  | (You took it off a merfolk impaler on level 3 of the
                  | Depths)
102478 | Depths:3 | Identified the +0 pair of boots of Ru's Favour {rCorr} (You
                  | found it on level 3 of the Depths)
103513 | Depths:5 | Entered Level 5 of the Depths
103778 | Depths:5 | Received a gift from Sif Muna
105369 | Depths:4 | Noticed a juggernaut
105580 | Depths:4 | Killed a juggernaut
105880 | Depths:4 | Reached skill level 15 in Fire Magic
106161 | Depths:4 | Identified Sif Muna's Compendium of Fiery Talismans (Sif
                  | Muna gifted it to you on level 4 of the Depths)
106161 | Depths:4 | Received a gift from Sif Muna
107095 | Depths:5 | Reached XP level 26. HP: 170/170 MP: 24/49
108162 | Depths:5 | Found Saru's Gadget Shop.
108163 | Depths:5 | Found Hener's Jewellery Shoppe.
108164 | Depths:5 | Found Xuohab's Gadget Shop.
108706 | Depths:5 | Found a gate to the Realm of Zot.
108831 | Depths:5 | Lost mutation: You occasionally shout uncontrollably at
                  | your foes. [potion of mutation]
108831 | Depths:5 | Lost mutation: Armour fits poorly on your strangely shaped
                  | body. [potion of mutation]
108831 | Depths:5 | Gained mutation: Your magical capacity is low. (-10% MP)
                  | [potion of mutation]
108831 | Depths:5 | Gained mutation: Your body sometimes deteriorates upon
                  | taking damage. [potion of mutation]
108831 | Depths:5 | Gained mutation: Your body often deteriorates upon taking
                  | damage. [potion of mutation]
108831 | Depths:5 | Gained mutation: Your spells are a little harder to cast,
                  | but a little more powerful. [potion of mutation]
108860 | Depths:5 | Lost mutation: Your body often deteriorates upon taking
                  | damage. [potion of mutation]
108860 | Depths:5 | Lost mutation: Your body sometimes deteriorates upon taking
                  | damage. [potion of mutation]
108860 | Depths:5 | Lost mutation: Your magical capacity is low. (-10% MP)
                  | [potion of mutation]
108860 | Depths:5 | Lost mutation: Your spells are a little harder to cast, but
                  | a little more powerful. [potion of mutation]
108860 | Depths:5 | Gained mutation: Your system is resistant to poisons.
                  | (rPois) [potion of mutation]
108860 | Depths:5 | Gained mutation: Your flesh is heat resistant. (rF+)
                  | [potion of mutation]
109690 | Slime:2  | Gained mutation: You occasionally shout uncontrollably at
                  | your foes. [a shining eye]
109990 | Slime:3  | Received a gift from Sif Muna
110735 | Slime:3  | Reached skill level 21 in Conjurations
110912 | Slime:3  | Gained mutation: Scrolls take you a little longer to read.
                  | [a shining eye]
111787 | Slime:5  | Entered Level 5 of the Pits of Slime
111843 | Slime:5  | Noticed the Royal Jelly
111849 | Slime:5  | Killed the Royal Jelly
111891 | Slime:5  | Identified Miovei's Reference Book on Summoning (Sif Muna
                  | gifted it to you on level 5 of the Pits of Slime)
111891 | Slime:5  | Received a gift from Sif Muna
112412 | Slime:5  | Found the +2 shield of Resistance {rF+ rC+ MR+}
112412 | Slime:5  | Identified the Compendium of Snow and Dislocation
112418 | Slime:5  | Identified the Disquisition on Earth and Changing
112431 | Slime:5  | Got a slimy rune of Zot
112538 | Slime:5  | Identified the +4 flail of Forgiveness {crush, Dex+4} (You
                  | found it on level 5 of the Pits of Slime)
114599 | Slime:2  | Reached skill level 22 in Conjurations
115015 | Slime:1  | Gained mutation: You do not regenerate when monsters are
                  | visible. [a shining eye]
115505 | Slime:2  | Lost mutation: Your system is resistant to poisons. (rPois)
                  | [potion of mutation]
115505 | Slime:2  | Lost mutation: Scrolls take you a little longer to read.
                  | [potion of mutation]
115505 | Slime:2  | Lost mutation: You occasionally shout uncontrollably at
                  | your foes. [potion of mutation]
115505 | Slime:2  | Gained mutation: You evolve. [potion of mutation]
115505 | Slime:2  | Gained mutation: You have sharp toenails. [potion of
                  | mutation]
115505 | Slime:2  | Gained mutation: You are surrounded by a mild repulsion
                  | field. (EV +2) [potion of mutation]
115505 | Slime:2  | Gained mutation: You are agile. (Dex +2) [potion of
                  | mutation]
115853 | Slime:1  | Reached XP level 27. HP: 174/177 MP: 50/50
116434 | D:13     | Gained mutation: You are covered in fur. (AC +1)
                  | [evolution]
116616 | Vaults:4 | Learned a level 8 spell: Ignition
116624 | Vaults:4 | Learned a level 7 spell: Ring of Flames
116769 | Vaults:5 | Entered Level 5 of the Vaults
116975 | Vaults:5 | Identified Sif Muna's Almanac of Aerial Poison (Sif Muna
                  | gifted it to you on level 5 of the Vaults)
116975 | Vaults:5 | Received a gift from Sif Muna
117052 | Vaults:5 | HP: 8/178 [tentacled monstrosity (13)]
117052 | Vaults:5 | HP: 2/178 [tentacled monstrosity (6)]
117052 | Vaults:5 | Shot with a bolt by a yaktaur captain

Skill      XL: |  1  2  3  4  5  6  7  8  9 10 11 12 13 14 15 16 17 18 19 20 21 22 23 24 25 26 |
---------------+-------------------------------------------------------------------------------+-----
Conjurations   | 5 6 7 8 9 10 12 13 14 15 16 17 18 19 20 22 | 22.4
Spellcasting   | 4 5 6 7 9 10 11 12 14 15 16 17 18 19 20 21 | 21.0
Dodging        | 3 4 5 6 8 9 11 12 13 15 16 18 19 20 | 20.5
Stealth        | 3 4 5 6 8 9 10 12 13 14 15 17 18 | 18.0
Shields        | 1 3 4 5 6 8 9 10 11 13 14 15 | 15.0
Armour         | 2 3 5 |  5.0
Fighting       | 2 3 5 7 8 9 10 11 12 13 14 15 16 17 18 19 | 19.7
Evocations     | 3 4 |  4.0
Fire Magic     | 5 8 10 11 13 15 16 | 16.6
Charms         | 4 |  4.0
Air Magic      | 2 |  2.0

Action                   |  1- 3 |  4- 6 |  7- 9 | 10-12 | 13-15 | 16-18 | 19-21 | 22-24 | 25-27 || total
-------------------------+-------+-------+-------+-------+-------+-------+-------+-------+-------++-------
Melee: Club              |     5 |       |       |       |       |       |       |       |       ||     5
       Spear             |       |    15 |    53 |   111 |    12 |       |       |       |       ||   191
       Dire flail        |       |       |       |    55 |   161 |       |       |       |       ||   216
       Double sword      |       |       |       |       |   155 |       |       |       |       ||   155
       Staff             |       |       |       |       |    34 |    35 |    21 |    33 |       ||   123
Throw: Throwing net      |       |       |       |       |     4 |       |       |       |       ||     4
 Cast: Magic Dart        |    29 |    38 |    29 |    52 |    78 |   110 |    61 |    44 |    42 ||   483
       Searing Ray       |     6 |    34 |    83 |   123 |   158 |    55 |    41 |    17 |       ||   517
       Iskenderun's Myst |       |       |     4 |    42 |   187 |   409 |       |       |       ||   642
       Fulminant Prism   |       |       |     8 |    84 |   100 |   103 |   105 |    70 |    67 ||   537
       Conjure Flame     |       |       |       |    27 |    56 |     5 |    17 |     5 |     4 ||   114
       Force Lance       |       |       |       |    13 |    50 |    29 |    52 |    30 |    78 ||   252
       Mephitic Cloud    |       |       |       |     3 |     6 |     1 |       |       |       ||    10
       Orb of Destructio |       |       |       |       |    68 |   134 |   177 |   174 |   184 ||   737
       Blink             |       |       |       |       |     8 |     4 |     3 |     7 |    26 ||    48
       Fireball          |       |       |       |       |       |   136 |   373 |    78 |   150 ||   737
       Bolt of Fire      |       |       |       |       |       |       |       |   177 |    56 ||   233
       Shroud of Golubri |       |       |       |       |       |       |       |     9 |       ||     9
       Summon Butterflie |       |       |       |       |       |       |       |     4 |    26 ||    30
       Deflect Missiles  |       |       |       |       |       |       |       |     2 |     4 ||     6
       Swiftness         |       |       |       |       |       |       |       |     1 |     3 ||     4
       Apportation       |       |       |       |       |       |       |       |    11 |       ||    11
       Passwall          |       |       |       |       |       |       |       |     2 |       ||     2
       Fire Storm        |       |       |       |       |       |       |       |       |    28 ||    28
       Ignition          |       |       |       |       |       |       |       |       |     7 ||     7
       Ring of Flames    |       |       |       |       |       |       |       |       |     3 ||     3
Invok: Divine Energy     |       |       |     1 |       |       |       |     1 |       |       ||     2
       Stop Divine Energ |       |       |       |       |       |       |     1 |       |       ||     1
 Abil: Evoke Flight      |       |       |       |       |     6 |     3 |     3 |       |       ||    12
Evoke: Wand              |       |       |       |       |     8 |       |       |     2 |       ||    10
  Use: Scroll            |       |       |    10 |     5 |    12 |     9 |    16 |    10 |    13 ||    75
       Potion            |       |       |       |     6 |     1 |     2 |       |     1 |    11 ||    21
 Stab: Sleeping          |       |       |     1 |     2 |     4 |       |     1 |       |       ||     8
       Paralysed         |       |       |     2 |       |       |       |       |       |       ||     2
  Eat: Chunk             |     2 |    10 |    10 |    24 |    56 |    33 |    52 |    16 |    22 ||   225
       Ration            |       |       |     2 |     4 |     9 |    19 |     8 |    12 |     8 ||    62
Armor: Robe              |     3 |     2 |       |       |       |   126 |    61 |    22 |    47 ||   261
       Leather armour    |       |     2 |    31 |    12 |    89 |       |       |       |       ||   134
       Steam dragon scal |       |       |       |    32 |    46 |       |       |       |       ||    78
       Acid dragon scale |       |       |       |       |    23 |     4 |       |       |       ||    27
       Troll leather arm |       |       |       |       |       |     3 |       |       |       ||     3
Dodge: Dodged            |    20 |    23 |   100 |   267 |   869 |   613 |   353 |   195 |   312 ||  2752
       Deflected         |       |       |       |       |       |       |       |    16 |    24 ||    40
Block: Buckler           |       |     3 |    35 |    43 |       |       |       |       |       ||    81
       Shield            |       |       |       |       |   357 |   475 |   266 |   191 |   242 ||  1531
       Reflection        |       |       |       |       |     9 |       |       |       |       ||     9
       Rpst.: Double sword |       |       |       |       |    72 |       |       |       |       ||    72
